 Dungeon Crawl Stone Soup version 0.24.0-123-gd5b16e6ec5 (webtiles) character file.

Game seed: 16412302033380846056, levelgen mode: deterministic

581 Elellon the Cleaver (level 7, -2/57 HPs)
             Began as a Hill Orc Fighter on Jan 13, 2020.
             Killed by nerve-wracking pain
             ... invoked by Grinder
              (12 damage)
             ... on level 4 of the Dungeon.
             The game lasted 00:04:08 (2798 turns).

Elellon the Cleaver (Hill Orc Fighter)              Turns: 2798, Time: 00:04:09

Health: -2/57      AC: 11    Str: 21    XL:     7   Next: 36%
Magic:  7/7        EV:  7    Int:  8    God:
Gold:   228        SH:  9    Dex: 10    Spells: 6/6 levels left

rFire    . . .     SeeInvis .   a - +0 war axe
rCold    . . .     Gourm    .   c - +0 shield
rNeg     . . .     Faith    .   b - +0 scale mail
rPois    .         Spirit   .   s - +1 hat
rElec    .         Reflect  .   (no cloak)
rCorr    .         Harm     .   k - +2 pair of gloves
MR       .....                  (no boots)
Stlth    ..........             (no amulet)
HPRegen  0.19/turn              (no ring)
MPRegen  0.10/turn              (no ring)

@: no status effects
A: no striking features
a: no special abilities


You were on level 4 of the Dungeon.
You were hungry.

You visited 1 branch of the dungeon, and saw 5 of its levels.

You collected 228 gold pieces.

Inventory:

Hand Weapons
 a - a +0 war axe (weapon)
Armour
 b - a +0 scale mail (worn)
 c - a +0 shield (worn)
 k - a +2 pair of gloves (worn)
 s - a +1 hat (worn)
Jewellery
 r - an uncursed ring of stealth {unknown}
 v - an uncursed ring of magical power {unknown}
 x - an uncursed ring of protection from cold {unknown}
Wands
 w - a wand of random effects (10)
Scrolls
 e - 4 scrolls of identify
 h - a scroll of remove curse {unknown}
 i - 2 scrolls of enchant armour {unknown}
 j - 2 scrolls of teleportation {unknown}
 o - a scroll of fear {unknown}
 p - a scroll of blinking {unknown}
 t - a scroll of enchant weapon {unknown}
 u - a scroll of magic mapping {unknown}
 y - a scroll of amnesia {unknown}
 C - a scroll of fog {unknown}
Potions
 d - 2 potions of might
 m - a potion of heal wounds {unknown}
 n - a potion of haste {unknown}
 q - 2 potions of lignification {unknown}
 z - a potion of degeneration {unknown}
 A - a potion of brilliance {unknown}
 B - a potion of ambrosia {unknown}
Comestibles
 f - 9 rations
 g - a chunk of flesh


   Skills:
 - Level 3.6 Fighting
 + Level 10.3 Axes
 - Level 3.2 Armour
 - Level 3.2 Shields


You had 6 spell levels left.
You didn't know any spells.
Your spell library was empty.

Dungeon Overview and Level Annotations

Branches:
Dungeon (5/15)
 Temple: D:4-7

Altars:
Hepliaklqana

Annotations:
D:4 Grinder


Message History

You barely miss Grinder.
Grinder is heavily wounded.
Grinder hits you but does no damage.
Your shield and scale mail prevent you from hitting Grinder.
Grinder is heavily wounded.
Grinder blinks!
You slash Grinder!
Grinder is severely wounded.
Grinder gestures at you.
You struggle to resist.
You slash Grinder!
Grinder is almost dead.
Grinder gestures at you. Pain shoots through your body!
* * * LOW HITPOINT WARNING * * *
You hit Grinder.
Grinder is almost dead.
Grinder gestures at you. Pain shoots through your body!
You die...

######## ########
##......# #......########
##......###......'......#
##.......##......######.#
##..............@5.####.#
.......................>#
............#.##.#.#..#.#
...#.....>..#.##.#.#..#.#
.........#..#....#.#..#.#
............######.#[.#.#
#+#..#...#.####.##.#..#.#
^.#<.........##....#..#.#
..##......##.##.####....#


You could see Grinder.

Vanquished Creatures
  A phantom (D:4)
  A centaur (D:4)
  2 scorpions (D:4)
  A howler monkey (D:4)
  A hound (D:4)
  A centaur skeleton (D:4)
  2 worker ants (D:4)
  8 adders
  An adder skeleton (D:2)
  3 worms
  3 dart slugs
  3 leopard geckos
  An orc (D:4)
  4 giant cockroaches
  11 goblins
  10 hobgoblins
  9 jackals
  2 quokkas
  A ball python (D:3)
  5 bats
  4 frilled lizards
  5 kobolds
  A quokka skeleton (D:4)
  6 rats
86 creatures vanquished.

Notes
Turn   | Place    | Note
-------+----------+-------------------------------------------
     0 | D:1      | Elellon the Hill Orc Fighter began the quest for the Orb.
     0 | D:1      | Reached XP level 1. HP: 19/19 MP: 1/1
    24 | D:1      | Reached skill level 3 in Axes
    40 | D:1      | Reached XP level 2. HP: 18/26 MP: 2/2
   203 | D:1      | Reached skill level 4 in Axes
   624 | D:2      | Reached XP level 3. HP: 29/31 MP: 3/3
   654 | D:2      | Reached skill level 5 in Axes
   927 | D:2      | Found a hazy altar of Hepliaklqana.
   930 | D:2      | Reached XP level 4. HP: 38/39 MP: 4/4
  1438 | D:3      | Reached skill level 6 in Axes
  1621 | D:3      | Reached XP level 5. HP: 43/45 MP: 5/5
  1758 | D:3      | Reached skill level 7 in Axes
  2071 | D:4      | Reached skill level 8 in Axes
  2071 | D:4      | Reached XP level 6. HP: 46/51 MP: 6/6
  2413 | D:4      | Reached skill level 9 in Axes
  2505 | D:4      | Reached XP level 7. HP: 57/57 MP: 7/7
  2671 | D:4      | Reached skill level 10 in Axes
  2749 | D:5      | Entered Level 5 of the Dungeon
  2749 | D:5      | Noticed Grinder
  2773 | D:4      | Paralysed by Grinder for 5 turns
  2786 | D:4      | Paralysed by Grinder for 2 turns
  2798 | D:4      | Killed from afar by Grinder

Levels and vault maps discovered:
D:1:      lemuel_arrival_lava_pool, layout_rooms
D:2:      layout_basic, old_standard_altar
D:3:      layout_rooms
D:4:      minmay_chambers_of_fours, layout_basic, first_ration
D:5:      layout_loops_cross, basic_altar, uniq_grinder, uniq_duvessa

Skill      XL: |  1  2  3  4  5  6  7 |
---------------+----------------------+-----
Axes           | 3 4 5 6 8 9 10 | 10.3
Fighting       | |  3.6
Armour         | |  3.2
Shields        | |  3.2

Action                   |  1- 3 |  4- 6 |  7- 9 || total
-------------------------+-------+-------+-------++-------
Melee: War axe           |    87 |   177 |    49 ||   313
  Use: Scroll            |       |       |     1 ||     1
  Eat: Chunk             |       |     6 |       ||     6
Armor: Scale mail        |    48 |    78 |    18 ||   144
Dodge: Dodged            |    27 |    61 |     9 ||    97
Block: Shield            |    51 |    82 |     9 ||   142
